 Dungeon Crawl Stone Soup version 0.31-a0-210-gccc998df9b (webtiles) character file.

Game seed: 4299938328915015675

307 qw the Chopper (level 6, -1/38 HPs)
             Began as a Gargoyle Fighter on June 29, 2023.
             Splashed by a jelly's acid (3 damage)
             ... on level 4 of the Dungeon.
             The game lasted 00:01:30 (3299 turns).

qw the Chopper (Gargoyle Fighter)                   Turns: 3299, Time: 00:01:30

Health: -1/38      AC: 12    Str: 22    XL:     6   Next: 40%
Magic:  6/6        EV:  9    Int:  8    God:
Gold:   123        SH:  4    Dex:  9    Spells: 5/5 levels left

rFire   + . .        Y - +0 war axe
rCold   . . .        c - +0 buckler
rNeg    + . .        b - +0 scale mail
rPois   inf          (no helmet)
rElec   +            (no cloak)
rCorr   .            (no gloves)
SInv    .            f - +0 pair of boots
Will    .....        (no amulet) Stlth
                     e - ring of protection from fire
HPRegen 0.26/turn    (no ring)
MPRegen 0.10/turn

%: no passive effects
@: no status effects
A: sickness immunity, AC +4, negative energy resistance 1, electricity
resistance, torment resistance 1, petrification resistance
a: no special abilities


You were on level 4 of the Dungeon.
You visited 1 branch of the dungeon, and saw 4 of its levels.

You collected 165 gold pieces.
You spent 42 gold pieces at shops.


Innate Abilities, Weirdness & Mutations

You are immune to sickness and miasma.
Your stone body is resilient. (AC +4)
You are immune to poison.
You resist negative energy. (rN+)
You are resistant to electric shocks. (rElec)
You are resistant to unholy torment.
You are immune to petrification.


   Skills:
 - Level 4.0 Fighting
 + Level 5.2 Axes
 - Level 1.0 Throwing
 - Level 3.2 Armour
 - Level 1.1 Dodging
 - Level 3.2 Shields


You had 5 spell levels left.
You didn't know any spells.
Your spell library was empty.

Inventory:

Hand Weapons
 i - a +0 whip
 Y - a +0 war axe (weapon)
Armour
 b - a +0 scale mail (worn)
 c - a +0 buckler (worn)
 f - a +0 pair of boots (worn)
 g - a +0 plate armour
Jewellery
 e - a ring of protection from fire (left hand)
Scrolls
 a - a scroll of identify
Potions
 d - 2 potions of might
 h - 3 potions of heal wounds {unknown}
 j - 2 potions of curing

Dungeon Overview and Level Annotations

Branches:
Dungeon (4/15)
 Temple: D:4-7

Altars:
Ru
Xom

Shops:
D:1 !


Message History

Enter note: You hit the jelly.
Your hands burn!
The jelly is moderately wounded.
You barely miss something. You hit the orc. x2
You block the jelly's attack. You block the orc's attack.
Something hits you but does no damage. The orc hits you but does no damage.
You slash the orc!
You kill the orc!
You closely miss the orc. You hit the jelly.
Your hands burn!
You closely miss something. The orc hits you but does no damage.
The jelly hits you but does no damage. Something hits you.
You barely miss the orc.
The orc is heavily wounded.
You hit the jelly.
Your hands burn!
You miss something. You barely miss the orc priest.
The orc priest barely misses you. The orc barely misses you.
You block the jelly's attack. Something hits you.
The orc hits you with a +0 dagger.
The orc priest mumbles some strange prayers to Beogh against you.
Pain shoots through your body! The jelly hits you but does no damage.
You hear some strange, mumbled words.
Something tries to affect you, but you resist.
You hit the jelly.
Your hands burn!
The jelly is heavily wounded.
You barely miss something. You closely miss the orc priest.
You hit the orc but do no damage. The orc priest closely misses you.
The orc hits you but does no damage. The jelly hits you but does no damage.
Something hits you.
You barely miss the jelly.
The jelly is heavily wounded.
You barely miss something. You closely miss the orc priest.
You closely miss the orc. The orc priest barely misses you.
The orc closely misses you. The jelly hits you but does no damage.
You hear some strange, mumbled words.
A puff of flame appears from out of thin air!
The puff of flame hits you but does no damage.
You slash the jelly!
Your hands burn!
You die...

.. ....# #...... .
##.#...# .. ......
...###.#..#
.......#..#
.......{o(######
......J@o.......
...#####..##### ..
#..#
...###..#######.
................
........#######.#
....##..#######.##
..................
.....#..........###


You could see a jelly, an orc priest and an orc.

Vanquished Creatures
  A scorpion (D:4)
  2 howler monkeys (D:4)
  A hound (D:4)
  4 gnolls
  3 adders
  2 dart slugs
  2 orcs (D:4)
  5 ball pythons
  4 bats (D:2)
  8 endoplasms
  3 giant cockroaches
  10 goblins
  6 hobgoblins
  5 kobolds
  4 quokkas
  10 rats
70 creatures vanquished.

Notes
Turn   | Place    | Note
-------+----------+-------------------------------------------
     0 | D:1      | qw the Gargoyle Fighter began the quest for the Orb.
     0 | D:1      | Reached XP level 1. HP: 14/14 MP: 1/1
     0 | D:1      | 0 ||| qw: Version: 0.3-a-24-ga2abf7b
     0 | D:1      | 0 ||| qw: Game counter: 6844
     0 | D:1      | 0 ||| qw: Melee chars always use a shield: true
     0 | D:1      | 0 ||| qw: God list: Okawaru
     0 | D:1      | 0 ||| qw: Allow faded altars: false
     0 | D:1      | 0 ||| qw: Do Orc after clearing Dungeon:15 true
     0 | D:1      | 0 ||| qw: Do second Lair branch before Depths: true
     0 | D:1      | 0 ||| qw: Lair rune preference: random
     0 | D:1      | 0 ||| qw: Goals: Normal, Zot:1-4, Slime:5, God:TSO, Crypt,
                  | Tomb, Abyss, Pan, Hells, Win
     0 | D:1      | 0 ||| PLANNING D:1-11
    32 | D:1      | Reached skill level 2 in Axes
    55 | D:1      | 55 ||| UPGRADING to +0 pair of boots.
   143 | D:1      | Reached XP level 2. HP: 17/19 MP: 2/2
   455 | D:1      | HP: 1/19 [gnoll/+0 spear (5)]
   458 | D:1      | Reached skill level 3 in Axes
   458 | D:1      | Reached XP level 3. HP: 2/23 MP: 3/3
   459 | D:1      | 459 ||| FLEEEEING.
   460 | D:1      | 460 ||| FLEEEEING.
   462 | D:1      | 462 ||| FLEEEEING.
   463 | D:1      | 463 ||| FLEEEEING.
   464 | D:1      | 464 ||| FLEEEEING.
   465 | D:1      | 465 ||| FLEEEEING.
   466 | D:1      | 466 ||| FLEEEEING.
   468 | D:1      | 468 ||| FLEEEEING.
   469 | D:1      | 469 ||| FLEEEEING.
   470 | D:1      | 470 ||| FLEEEEING.
   471 | D:1      | 471 ||| FLEEEEING.
   472 | D:1      | 472 ||| FLEEEEING.
   473 | D:1      | 473 ||| FLEEEEING.
   474 | D:1      | 474 ||| FLEEEEING.
   475 | D:1      | 475 ||| FLEEEEING.
   476 | D:1      | 476 ||| FLEEEEING.
   477 | D:1      | 477 ||| FLEEEEING.
   478 | D:1      | 478 ||| FLEEEEING.
   479 | D:1      | 479 ||| FLEEEEING.
   480 | D:1      | 480 ||| FLEEEEING.
   481 | D:1      | 481 ||| FLEEEEING.
   482 | D:1      | 482 ||| FLEEEEING.
   483 | D:1      | 483 ||| FLEEEEING.
   484 | D:1      | 484 ||| FLEEEEING.
   485 | D:1      | 485 ||| FLEEEEING.
   486 | D:1      | 486 ||| FLEEEEING.
   487 | D:1      | 487 ||| FLEEEEING.
   488 | D:1      | 488 ||| FLEEEEING.
   489 | D:1      | 489 ||| FLEEEEING.
   490 | D:1      | 490 ||| FLEEEEING.
   491 | D:1      | 491 ||| FLEEEEING.
   616 | D:1      | 616 ||| Stepping ~*~*~tactically~*~*~ (stealth).
   653 | D:1      | 653 ||| Stepping ~*~*~tactically~*~*~ (hiding).
   711 | D:1      | 711 ||| DROPPING +0 club.
   725 | D:1      | Found Ryasm's Distillery.
   731 | D:1      | 731 ||| SHOPLISTING 2 potions of might (112 gold, have 45).
   731 | D:1      | 731 ||| BUYING potion of curing (42 gold).
   731 | D:1      | Bought a potion of curing for 42 gold pieces
   731 | D:1      | 731 ||| SHOPLISTING potion of curing (42 gold, have 3).
   731 | D:1      | 731 ||| SHOPLISTING potion of heal wounds (70 gold, have
                  | 3).
   731 | D:1      | 731 ||| SHOPLISTING potion of might (56 gold, have 3).
  1057 | D:1      | 1057 ||| READING scroll labelled GUIFIV UCAPHUE.
  1128 | D:2      | Reached XP level 4. HP: 28/28 MP: 4/4
  1145 | D:2      | 1145 ||| Stepping ~*~*~tactically~*~*~ (hiding).
  1149 | D:2      | Reached skill level 1 in Throwing
  1268 | D:2      | 1268 ||| Stepping ~*~*~tactically~*~*~ (stealth).
  1270 | D:2      | 1270 ||| Stepping ~*~*~tactically~*~*~ (stealth).
  1286 | D:2      | Reached skill level 4 in Axes
  2082 | D:2      | 2082 ||| UPGRADING to ring of protection from fire.
  2083 | D:2      | 2083 ||| READING scroll labelled MOIPAMIGEO.
  2084 | D:2      | 2084 ||| DROPPING potion of invisibility.
  2274 | D:2      | Found a shimmering altar of Xom.
  2557 | D:3      | Reached XP level 5. HP: 32/32 MP: 5/5
  2603 | D:3      | You fall into a shaft and drop 1 floor!
  2645 | D:3      | Found a sacrificial altar of Ru.
  2964 | D:3      | 2964 ||| READING scroll labelled XAULYN FINKERGH.
  2968 | D:3      | 2968 ||| READING scroll labelled YBBAAX VOTIYVE.
  3129 | D:4      | Reached skill level 5 in Axes
  3132 | D:4      | 3132 ||| Stepping ~*~*~tactically~*~*~ (stealth).
  3247 | D:4      | Reached XP level 6. HP: 38/38 MP: 6/6
  3273 | D:4      | Reached skill level 1 in Dodging
  3280 | D:4      | 3280 ||| Stepping ~*~*~tactically~*~*~ (stealth).
  3296 | D:4      | HP: 6/38 [orc priest/nerve-wracking pain (5)]
  3297 | D:4      | HP: 1/38 [something (3)]
  3299 | D:4      | Splashed by a jelly's acid

Levels and vault maps discovered:
D:1:      heliophobic_arrival_ceremonial_halls, layout_basic, serial_shops,
          shop, serial_glass, glass_columns_c, glass_columns_b, glass_columns_b,
          glass_columns_a, glass_columns_b, glass_columns_c, glass_columns_a,
          glass_columns_a, glass_columns_b, glass_columns_a, minmay_heptomino_h4
D:2:      layout_basic, basic_altar, kennysheep_generic_room_3
D:3:      layout_basic, mainiacjoe_overflow_tiny_flanked, nrook_mini_vaults
D:4:      layout_basic, minmay_temple_entry_tees, serial_shops,
          nicolae_stop_n_shop_1

Skill      XL: |  1  2  3  4  5  6 |
---------------+-------------------+-----
Axes           | 2 3 4 5 |  5.2
Throwing       | 1 |  1.0
Fighting       | 4 |  4.0
Dodging        | 1 |  1.1
Armour         | |  3.2
Shields        | |  3.2

Action                     |  1- 3 |  4- 6 || total
---------------------------+-------+-------++-------
  Melee: War axe           |    71 |   149 ||   220
  Throw: Javelin           |    23 |     5 ||    28
    Use: Scroll            |     1 |     3 ||     4
 Armour: Scale mail        |    28 |    89 ||   117
  Dodge: Dodged            |    25 |    69 ||    94
  Block: Buckler           |    10 |    34 ||    44

Table legend:
 A = Non-vault XP
 B = Vault XP
 C = Vault XP percentage of total XP
 D = Non-vault monster count
 E = Vault monster count
 F = Vault count percentage of total count
                 A         B        C        D         E       F
            +---------+---------+-------+---------+---------+-------
      Total |     430 |       9 |   2.1 |      65 |       5 |   7.1
            +---------+---------+-------+---------+---------+-------
        D:1 |      60 |       5 |   7.7 |      26 |       3 |  10.3
        D:2 |      83 |       4 |   4.6 |      19 |       2 |   9.5
        D:3 |      27 |       0 |   0.0 |       9 |       0 |   0.0
        D:4 |     260 |       0 |   0.0 |      11 |       0 |   0.0
            +---------+---------+-------+---------+---------+-------
